 Seeded DCSS version 0.28-a0-60-g54b5640690 (webtiles) character file.

Game seed: 10059646100062695582 (custom seed)

184 flotson the Sneak (level 5, -4/41 HPs)
             Began as a Demonspawn Delver on July 30, 2021.
             Slain by an ogre (23 damage)
             ... on level 4 of the Dungeon.
             The game lasted 00:04:45 (2058 turns).

flotson the Sneak (Demonspawn Delver)               Turns: 2058, Time: 00:04:45

Health: -4/41      AC:  5    Str: 14    XL:     5   Next: 36%
Magic:  5/5        EV: 11    Int: 11    God:
Gold:   60         SH:  0    Dex: 14    Spells: 4/4 levels left

rFire   . . .      SeeInvis .   a - +0 broad axe
rCold   . . .      Faith    .   (no shield)
rNeg    . . .      Spirit   .   h - +0 ring mail
rPois   .          Reflect  .   (no helmet)
rElec   .          Harm     .   (no cloak)
rCorr   .          Rampage  .   (no gloves)
Will    .....      Rnd*Tele +   (no boots)
Stlth   ++........              (no amulet)
HPRegen 0.13/turn               (no ring)
MPRegen 0.09/turn               (no ring)

@: no status effects
A: talons 1, powered by pain 1, mutation resistance 1, teleportitis 1
a: no special abilities


You were on level 4 of the Dungeon.
You visited 1 branch of the dungeon, and saw 3 of its levels.

You collected 60 gold pieces.

Inventory:

Hand Weapons
 a - a +0 broad axe (weapon)
Missiles
 b - 8 boomerangs (quivered)
Armour
 h - a +0 ring mail (worn)
Jewellery
 i - an amulet of reflection
Wands
 f - a wand of paralysis (3)
 g - a wand of digging (3)
Scrolls
 c - a scroll of fog
 d - a scroll of vulnerability {unknown}
 e - a scroll of identify {unknown}


   Skills:
 + Level 3.3 Fighting
 + Level 2.9 Axes
 * Level 1.4 Throwing
 + Level 1.4 Armour
 + Level 2.2 Dodging
 + Level 5.1 Stealth
 * Level 1.4 Evocations


You had 4 spell levels left.
You didn't know any spells.
Your spell library was empty.

Dungeon Overview and Level Annotations

Branches:
Dungeon (5/15)
 Temple: D:4-7

Altars:


Innate Abilities, Weirdness & Mutations

You have sharp toenails.
You sometimes gain a little power by taking damage.
You are somewhat resistant to further mutation.
You are occasionally teleported next to monsters.


Message History

You kill Ijyb!
f - a wand of paralysis (3)
There is an open door, spattered with blood here.
Items here: ( ) [ †.
Okay, then.
Unknown command.
HP restored.
Found a whip.
You see here a +0 whip.
You open the door.
There is an open door here.
You open the door.
There is an open door here.
A goblin comes into view. It is wielding a +0 club.
The goblin shouts!
The goblin unwields a +0 club.
The goblin wields a +0 hunting sling.
The goblin shoots a stone.
The stone completely misses you.
An ogre comes into view. It is wielding a +0 giant spiked club.
The goblin shoots a stone.
The stone hits you.
The goblin shoots a stone.
The stone misses you.
The ogre shouts!
You slash the goblin!
You kill the goblin!
The ogre closely misses you.
Things that are here:
a +0 hunting sling; a +0 club; 17 stones You slash the ogre!
You claw the ogre.
The ogre is moderately wounded.
The ogre hits you with a +0 giant spiked club!!
Ouch! That really hurt!
You are too injured to fight recklessly!
You are too injured to fight recklessly!
You are too injured to fight recklessly!
You are too injured to fight recklessly!
You are too injured to fight recklessly!
You are too injured to fight recklessly!
You are too injured to fight recklessly!
The ogre hits you with a +0 giant spiked club!!
Ouch! That really hurt!
You die...

#.#.....#
#.#.....####
#.#........#
#.#####....#
#.# #....#
#.# #....#
#.# #....#
#.# #....#
#@# ######
#O# #.# #.#
#.# #.# #.#
#)# #.#


You could see an ogre.

Vanquished Creatures
  A necrophage (D:4)
  A centaur zombie (D:4)
  Ijyb (D:4)
  2 adders
  A dart slug (D:3)
  A giant cockroach (D:3)
  3 goblins
  2 kobolds (D:3)
  A quokka (D:3)
  4 ball pythons
  A bat (D:3)
  A quokka skeleton (D:4)
19 creatures vanquished.

Notes
Turn   | Place    | Note
-------+----------+-------------------------------------------
     0 | D:5      | flotson the Demonspawn Delver began the quest for the Orb.
     0 | D:5      | Reached XP level 1. HP: 18/18 MP: 1/1
     6 | D:5      | Noticed a scorpion
    42 | D:5      | Noticed an ogre
    55 | D:5      | Noticed a hound
    98 | D:5      | Noticed a scorpion
   398 | D:3      | Gained mutation: You have sharp toenails. [demonic
                  | ancestry]
   398 | D:3      | Reached XP level 2. HP: 3/24 MP: 2/2
   779 | D:3      | Reached skill level 5 in Stealth
  1363 | D:4      | Gained mutation: You sometimes gain a little power by
                  | taking damage. [demonic ancestry]
  1363 | D:4      | Reached XP level 3. HP: 27/29 MP: 3/3
  1546 | D:4      | Noticed Ijyb
  1566 | D:4      | Noticed a necrophage
  1569 | D:4      | Reached XP level 4. HP: 35/35 MP: 4/4
  1577 | D:4      | Killed a necrophage
  1578 | D:4      | Reached skill level 1 in Throwing
  1578 | D:4      | Reached skill level 1 in Armour
  1578 | D:4      | Reached skill level 1 in Evocations
  1578 | D:4      | Reached XP level 5. HP: 5/41 MP: 5/5
  1703 | D:4      | Paralysed by Ijyb for 4 turns
  1707 | D:4      | Gained mutation: You are somewhat resistant to further
                  | mutation. [potion of mutation]
  1707 | D:4      | Gained mutation: You are occasionally teleported next to
                  | monsters. [potion of mutation]
  1712 | D:4      | Killed Ijyb
  2046 | D:4      | Noticed an ogre
  2058 | D:4      | Slain by an ogre

Illustrated notes

Levels and vault maps discovered:
D:3:      layout_basic, kennysheep_ying_yang, grunt_ministairs_13
D:4:      layout_basic, minmay_temple_entry_glass, uniq_robin, uniq_ijyb
D:5:      layout_gridville

Skill      XL: |  1  2  3  4 |
---------------+-------------+-----
Stealth        | 5 |  5.1
Axes           | 2 |  2.9
Dodging        | 2 |  2.2
Throwing       | 1 |  1.4
Armour         | 1 |  1.4
Evocations     | 1 |  1.4
Fighting       | |  3.3

Action                   |  1- 3 |  4- 6 || total
-------------------------+-------+-------++-------
Melee: Broad axe         |    52 |    19 ||    71
       Kick              |     9 |     6 ||    15
  Use: Scroll            |     3 |     1 ||     4
       Potion            |     1 |     1 ||     2
 Stab: Sleeping          |     1 |       ||     1
Armor: Ring mail         |    38 |     6 ||    44
Dodge: Dodged            |    45 |     7 ||    52

Table legend: (Time is in decaauts)
 A = Elapsed time spent in this place.
 B = Non-inter-level travel time spent in this place.
 C = Inter-level travel time spent in this place.
 D = Time resting spent in this place.
 E = Time spent auto-exploring this place.
 F = Levels seen in this place.
 G = Mean time per level.
                   A        B        C        D        E       F      G
               +--------+--------+--------+--------+--------+-----+--------+
         Total |   2076 |   2058 |     18 |    576 |   1142 |   3 |  692.0 |
       Dungeon |   2076 |   2058 |     18 |    576 |   1142 |   3 |  692.0 |
               +--------+--------+--------+--------+--------+-----+--------+

Top non-repeatable levels by time:
     D:4: 1032 daAuts
     D:3: 944 daAuts
     D:5: 99 daAuts
